[ PARTIDA AOE2 · #466114049 ]
UnrankedAztecas vs Bengalis
[ ANÁLISIS DE REPETICIÓN · EXTRAÍDO DE LA PARTIDA GRABADA ]
Feudal
11:56
Castillos
15:32
Imperial
28:29
| APM promedio | 53.5 |
| APM pico | 116 |
| eAPM promedio | 31.0 |
| Aldeanos / militares | 106 / 293 |
Foco
⚔️ 38.3% · 🌾 61.7%
Eagle Scout ×165 · Spearman ×118 · Fishing Ship ×49 · Trade Cart ×40 · Battering Ram ×6 · Trebuchet (Packed) ×3
Feudal
11:18
Castillos
18:34
Imperial
35:47
| APM promedio | 31.2 |
| APM pico | 64 |
| eAPM promedio | 18.3 |
| Aldeanos / militares | 140 / 154 |
Foco
⚔️ 27.4% · 🌾 72.6%
Battle Elephant ×149 · Armored Elephant ×4 · Mangonel ×1
Feudal
12:40
Castillos
17:00
Imperial
21:32
| APM promedio | 43.8 |
| APM pico | 82 |
| eAPM promedio | 28.7 |
| Aldeanos / militares | 138 / 125 |
Foco
⚔️ 28.5% · 🌾 71.5%
Plumed Archer ×74 · Fishing Ship ×46 · Eagle Scout ×25 · Petard ×7 · Trebuchet (Packed) ×7 · Mangonel ×5
Feudal
13:02
Castillos
18:00
Imperial
35:29
| APM promedio | 50.3 |
| APM pico | 104 |
| eAPM promedio | 32.1 |
| Aldeanos / militares | 245 / 110 |
Foco
⚔️ 25.5% · 🌾 74.5%
Fishing Ship ×53 · Knight ×38 · Leitis ×34 · Trade Cart ×32 · Bombard Cannon ×26 · Mangonel ×6
Feudal
9:49
Castillos
21:53
Imperial
41:16
| APM promedio | 39.9 |
| APM pico | 91 |
| eAPM promedio | 28.7 |
| Aldeanos / militares | 141 / 16 |
Foco
⚔️ 53.4% · 🌾 46.6%
Fishing Ship ×17 · Skirmisher ×15 · Trade Cart ×14 · Unknown (2550) ×13 · Archer ×1
Feudal
11:23
Castillos
17:52
Imperial
31:37
| APM promedio | 31.2 |
| APM pico | 61 |
| eAPM promedio | 20.7 |
| Aldeanos / militares | 161 / 149 |
Foco
⚔️ 36.5% · 🌾 63.5%
Scorpion ×106 · Battering Ram ×43 · Fishing Ship ×16
Feudal
11:39
Castillos
15:20
Imperial
32:10
| APM promedio | 36.4 |
| APM pico | 77 |
| eAPM promedio | 21.2 |
| Aldeanos / militares | 119 / 177 |
Foco
⚔️ 36.0% · 🌾 64.0%
Cavalry Archer ×151 · Fishing Ship ×38 · Magyar Huszar ×10 · Monk ×6 · Mangonel ×4 · Scorpion ×2
Feudal
12:32
Castillos
19:34
Imperial
—
| APM promedio | 24.7 |
| APM pico | 107 |
| eAPM promedio | 17.1 |
| Aldeanos / militares | 156 / 4 |
Foco
⚔️ 25.0% · 🌾 75.0%
Unknown (1920) ×39 · Petard ×4
Mapa de la partida
Recursos iniciales + cada clic de construcción. Líneas = muros · curvas = relieve. ◆ oro · ⬟ piedra · ● bayas · ✦ reliquia · ◌ hueco del cierre
Tu base· Abierta — el rival se encerró
Base de Bonkershealer· ✓ Cerrada en 18:34 · 59t muro · sin puerta
Base de Baby· ✓ Cerrada en 17:00 · 0t muro · sin puerta
Base de Violet Ania· Abierta — el rival se encerró
Base de Prince <3· Abierta — el rival se encerró
Base de Matze· Abierta — el rival se encerró
Base de aoclearnarabia· ✓ Cerrada en 15:20 · 0t muro · sin puerta
Base de 木を切ります· ✓ Cerrada en 19:34 · 89t muro · sin puerta
Terreno inicial suavizado · ◌ = hueco del cierre detectado · pasá el cursor para detalles
Inputs por minuto
— Denosumab - - Bonkershealer
Build order — Denosumab
Primeras 150 de 470 acciones detectadas
| 0:00 | Crear | Villager (Male) |
| 0:01 | Crear | Villager (Male) |
| 0:02 | Construir | House |
| 0:03 | Construir | House |
| 0:16 | Crear | Villager (Male) |
| 0:33 | Crear | Villager (Male) |
| 1:18 | Crear | Villager (Male) |
| 1:42 | Construir | Lumber Camp |
| 2:06 | Crear | Villager (Male) |
| 2:06 | Crear | Villager (Male) |
| 2:54 | Crear | Villager (Male) |
| 3:16 | Crear | Villager (Male) |
| 3:26 | Construir | House |
| 3:49 | Crear | Villager (Male) |
| 4:07 | Crear | Villager (Male) |
| 4:24 | Construir | Dock |
| 4:42 | Crear | Villager (Male) |
| 4:42 | Crear | Villager (Male) |
| 5:01 | Construir | House |
| 5:11 | Crear | Fishing Ship |
| 5:19 | Crear | Villager (Male) |
| 5:19 | Crear | Villager (Male) |
| 5:19 | Crear | Villager (Male) |
| 5:57 | Crear | Fishing Ship |
| 6:12 | Crear | Villager (Male) |
| 6:15 | Crear | Villager (Male) |
| 6:28 | Crear | Fishing Ship |
| 6:47 | Crear | Villager (Male) |
| 6:47 | Crear | Villager (Male) |
| 6:55 | Crear | Fishing Ship |
| 6:58 | Construir | House |
| 7:30 | Construir | Palisade Wall |
| 7:32 | Construir | Palisade Wall |
| 7:35 | Construir | Palisade Wall |
| 7:37 | Construir | Palisade Wall |
| 7:39 | Construir | Palisade Wall |
| 7:43 | Construir | Palisade Wall |
| 7:45 | Construir | Palisade Wall |
| 7:48 | Construir | Palisade Wall |
| 7:50 | Construir | Palisade Wall |
| 7:53 | Crear | Villager (Male) |
| 7:56 | Construir | House |
| 8:01 | Crear | Villager (Male) |
| 8:36 | Crear | Villager (Male) |
| 8:59 | Crear | Villager (Male) |
| 9:30 | Construir | Mill |
| 9:31 | Crear | Villager (Male) |
| 9:46 | Investigar | Feudal Age |
| 9:46 | Investigar | Feudal Age |
| 10:26 | Construir | Mining Camp |
| 11:38 | Crear | Fishing Ship |
| 11:41 | Crear | Fishing Ship |
| 11:49 | Crear | Villager (Male) |
| 11:49 | Crear | Villager (Male) |
| 11:56 | Edad | Edad Feudal |
| 12:04 | Construir | Market |
| 12:07 | Construir | Blacksmith |
| 12:11 | Investigar | Double-Bit Axe |
| 12:52 | Investigar | Castle Age |
| 12:53 | Investigar | Castle Age |
| 13:00 | Investigar | Tech 906 |
| 13:18 | Construir | Lumber Camp |
| 14:18 | Construir | House |
| 14:43 | Construir | Fish Trap |
| 15:01 | Construir | Fish Trap |
| 15:04 | Construir | House |
| 15:28 | Crear | Villager (Male) |
| 15:29 | Crear | Villager (Male) |
| 15:32 | Edad | Edad de los Castillos |
| 15:35 | Construir | Town Center |
| 15:41 | Construir | Town Center |
| 15:49 | Investigar | Gillnets |
| 15:51 | Investigar | Bow Saw |
| 15:52 | Crear | Villager (Male) |
| 15:54 | Crear | Villager (Male) |
| 15:58 | Construir | House |
| 16:14 | Crear | Villager (Male) |
| 16:26 | Crear | Villager (Male) |
| 16:28 | Crear | Villager (Male) |
| 16:34 | Construir | Dock |
| 16:40 | Construir | Fish Trap |
| 16:55 | Construir | Fish Trap |
| 16:57 | Crear | Villager (Male) |
| 17:06 | Crear | Villager (Male) |
| 17:06 | Crear | Villager (Male) |
| 17:09 | Crear | Fishing Ship |
| 17:09 | Crear | Fishing Ship |
| 17:20 | Construir | House |
| 17:22 | Crear | Fishing Ship |
| 17:41 | Crear | Villager (Male) |
| 17:44 | Crear | Villager (Male) |
| 17:57 | Crear | Villager (Male) |
| 17:57 | Crear | Villager (Male) |
| 18:00 | Crear | Villager (Male) |
| 18:01 | Crear | Villager (Male) |
| 18:04 | Construir | Fish Trap |
| 18:07 | Construir | Fish Trap |
| 18:17 | Construir | Dock |
| 18:22 | Crear | Fishing Ship |
| 18:23 | Crear | Fishing Ship |
| 18:26 | Construir | House |
| 18:27 | Construir | House |
| 18:32 | Crear | Villager (Male) |
| 18:32 | Crear | Villager (Male) |
| 18:46 | Construir | Fish Trap |
| 18:47 | Crear | Fishing Ship |
| 18:48 | Crear | Fishing Ship |
| 18:48 | Crear | Fishing Ship |
| 19:00 | Construir | House |
| 19:01 | Construir | House |
| 19:01 | Crear | Villager (Male) |
| 19:02 | Crear | Villager (Male) |
| 19:02 | Crear | Villager (Male) |
| 19:04 | Crear | Fishing Ship |
| 19:08 | Construir | Fish Trap |
| 19:10 | Crear | Fishing Ship |
| 19:12 | Construir | Fish Trap |
| 19:20 | Crear | Villager (Male) |
| 19:20 | Crear | Villager (Male) |
| 19:29 | Crear | Villager (Male) |
| 19:41 | Crear | Villager (Male) |
| 19:42 | Crear | Fishing Ship |
| 19:42 | Crear | Fishing Ship |
| 19:42 | Crear | Fishing Ship |
| 19:59 | Construir | Dock |
| 20:04 | Construir | Fish Trap |
| 20:08 | Construir | Fish Trap |
| 20:09 | Crear | Fishing Ship |
| 20:09 | Crear | Fishing Ship |
| 20:10 | Crear | Fishing Ship |
| 20:14 | Crear | Villager (Male) |
| 20:14 | Crear | Villager (Male) |
| 20:14 | Crear | Villager (Male) |
| 20:15 | Crear | Villager (Male) |
| 20:15 | Crear | Villager (Male) |
| 20:17 | Construir | House |
| 20:18 | Construir | House |
| 20:25 | Crear | Villager (Male) |
| 20:31 | Construir | Fish Trap |
| 20:35 | Construir | Fish Trap |
| 20:38 | Construir | Fish Trap |
| 20:45 | Crear | Villager (Male) |
| 20:45 | Crear | Villager (Male) |
| 20:46 | Crear | Fishing Ship |
| 20:46 | Crear | Fishing Ship |
| 20:46 | Crear | Fishing Ship |
| 21:01 | Crear | Villager (Male) |
| 21:01 | Crear | Villager (Male) |
| 21:01 | Crear | Villager (Male) |
| 21:03 | Construir | House |
Build order — Bonkershealer
Primeras 150 de 387 acciones detectadas
| 0:00 | Crear | Villager (Male) |
| 0:01 | Crear | Villager (Male) |
| 0:02 | Construir | House |
| 0:03 | Crear | Villager (Male) |
| 0:03 | Crear | Villager (Male) |
| 0:04 | Construir | House |
| 0:37 | Investigar | Loom |
| 0:46 | Crear | Villager (Male) |
| 0:51 | Crear | Villager (Male) |
| 1:17 | Construir | Palisade Wall |
| 1:47 | Construir | Palisade Wall |
| 1:47 | Crear | Villager (Male) |
| 2:29 | Crear | Villager (Male) |
| 2:44 | Construir | Palisade Wall |
| 2:50 | Crear | Villager (Male) |
| 2:59 | Construir | Palisade Wall |
| 3:02 | Construir | Palisade Wall |
| 3:23 | Crear | Villager (Male) |
| 3:39 | Crear | Villager (Male) |
| 3:53 | Construir | Lumber Camp |
| 4:11 | Crear | Villager (Male) |
| 4:48 | Construir | Palisade Wall |
| 4:49 | Construir | Palisade Wall |
| 4:57 | Crear | Villager (Male) |
| 5:11 | Crear | Villager (Male) |
| 5:18 | Construir | House |
| 6:25 | Crear | Villager (Male) |
| 6:26 | Crear | Villager (Male) |
| 6:33 | Crear | Villager (Male) |
| 7:28 | Crear | Villager (Male) |
| 7:32 | Construir | House |
| 7:45 | Construir | Mill |
| 8:18 | Crear | Villager (Male) |
| 8:37 | Crear | Villager (Male) |
| 8:53 | Investigar | Feudal Age |
| 9:58 | Construir | Palisade Wall |
| 10:37 | Crear | Villager (Male) |
| 10:41 | Crear | Villager (Male) |
| 11:18 | Edad | Edad Feudal |
| 11:20 | Construir | Stone Wall |
| 11:22 | Construir | Stone Wall |
| 11:23 | Crear | Villager (Male) |
| 11:24 | Crear | Villager (Male) |
| 11:31 | Construir | Stone Wall |
| 11:33 | Construir | Stone Wall |
| 11:37 | Construir | Stone Wall |
| 11:55 | Construir | Stone Wall |
| 12:20 | Construir | Lumber Camp |
| 12:28 | Construir | House |
| 12:31 | Investigar | Town Watch |
| 12:58 | Crear | Villager (Male) |
| 12:59 | Crear | Villager (Male) |
| 13:14 | Construir | House |
| 13:26 | Crear | Villager (Male) |
| 14:01 | Crear | Villager (Male) |
| 14:30 | Construir | Mining Camp |
| 14:38 | Construir | Market |
| 14:47 | Construir | Blacksmith |
| 15:03 | Crear | Villager (Male) |
| 15:29 | Crear | Villager (Male) |
| 15:36 | Investigar | Castle Age |
| 15:39 | Investigar | Double-Bit Axe |
| 16:09 | Construir | Watch Tower |
| 16:21 | Construir | Mining Camp |
| 18:08 | Crear | Villager (Male) |
| 18:22 | Construir | Watch Tower |
| 18:34 | Edad | Edad de los Castillos |
| 18:37 | Construir | Farm |
| 18:38 | Construir | Farm |
| 18:38 | Construir | Farm |
| 18:38 | Construir | Farm |
| 19:06 | Construir | Gate |
| 19:21 | Crear | Villager (Male) |
| 19:25 | Construir | Town Center |
| 19:28 | Crear | Villager (Male) |
| 19:28 | Crear | Villager (Male) |
| 19:39 | Construir | Stone Wall |
| 19:43 | Crear | Villager (Male) |
| 19:56 | Construir | Stone Wall |
| 20:01 | Construir | Stone Wall |
| 20:03 | Construir | Stone Wall |
| 20:04 | Crear | Villager (Male) |
| 20:17 | Construir | House |
| 20:18 | Construir | House |
| 20:19 | Construir | House |
| 20:19 | Construir | House |
| 20:27 | Crear | Villager (Male) |
| 20:45 | Crear | Villager (Male) |
| 20:56 | Crear | Villager (Male) |
| 21:06 | Construir | Town Center |
| 21:15 | Construir | Farm |
| 21:15 | Construir | Farm |
| 21:15 | Construir | Farm |
| 21:16 | Construir | Farm |
| 21:16 | Construir | Farm |
| 21:37 | Crear | Villager (Male) |
| 21:50 | Construir | Stone Wall |
| 21:53 | Crear | Villager (Male) |
| 21:55 | Construir | House |
| 21:56 | Construir | House |
| 21:59 | Crear | Villager (Male) |
| 22:11 | Construir | Farm |
| 22:27 | Crear | Villager (Male) |
| 22:31 | Construir | Town Center |
| 22:34 | Crear | Villager (Male) |
| 23:05 | Crear | Villager (Male) |
| 23:06 | Crear | Villager (Male) |
| 23:09 | Construir | Farm |
| 23:10 | Construir | Farm |
| 23:10 | Construir | Farm |
| 23:10 | Construir | Farm |
| 23:16 | Crear | Villager (Male) ×3 |
| 23:22 | Construir | Farm |
| 23:23 | Construir | Farm |
| 23:23 | Construir | Farm |
| 23:23 | Construir | Farm |
| 23:29 | Construir | House |
| 23:41 | Crear | Villager (Male) |
| 23:54 | Crear | Villager (Male) |
| 23:58 | Construir | Farm |
| 23:58 | Construir | Farm |
| 23:58 | Construir | Farm |
| 23:58 | Construir | Farm |
| 23:59 | Construir | Farm |
| 23:59 | Construir | Farm |
| 24:05 | Crear | Villager (Male) |
| 24:22 | Crear | Villager (Male) |
| 24:29 | Construir | Farm |
| 24:29 | Crear | Villager (Male) |
| 24:34 | Crear | Villager (Male) |
| 24:37 | Construir | Farm |
| 24:37 | Construir | Farm |
| 24:37 | Construir | Farm |
| 24:49 | Construir | House |
| 24:50 | Construir | Farm |
| 24:50 | Construir | Farm |
| 24:50 | Construir | Farm |
| 24:50 | Construir | Farm |
| 24:51 | Construir | Farm |
| 24:53 | Crear | Villager (Male) |
| 24:58 | Crear | Villager (Male) |
| 25:09 | Construir | Farm |
| 25:10 | Construir | Farm |
| 25:11 | Construir | Farm |
| 25:17 | Crear | Villager (Male) |
| 25:19 | Crear | Villager (Male) |
| 25:21 | Crear | Villager (Male) |
| 25:21 | Crear | Villager (Male) |
| 25:22 | Crear | Villager (Male) |
| 25:22 | Crear | Villager (Male) |
Build order — Baby
Primeras 150 de 439 acciones detectadas
| 0:02 | Investigar | Loom |
| 0:03 | Construir | House |
| 0:09 | Construir | House |
| 0:14 | Crear | Villager (Male) ×3 |
| 0:14 | Crear | Villager (Male) ×3 |
| 1:12 | Crear | Villager (Male) |
| 1:13 | Crear | Villager (Male) |
| 2:04 | Crear | Villager (Male) |
| 2:05 | Crear | Villager (Male) |
| 2:05 | Crear | Villager (Male) |
| 2:16 | Construir | Lumber Camp |
| 2:31 | Crear | Villager (Male) |
| 2:32 | Crear | Villager (Male) |
| 3:03 | Crear | Villager (Male) |
| 3:04 | Crear | Villager (Male) |
| 3:22 | Crear | Villager (Male) |
| 3:22 | Crear | Villager (Male) |
| 3:27 | Crear | Villager (Male) |
| 3:32 | Construir | House |
| 4:00 | Crear | Villager (Male) |
| 4:15 | Construir | House |
| 4:48 | Crear | Villager (Male) |
| 5:00 | Construir | Dock |
| 5:03 | Crear | Villager (Male) |
| 5:38 | Crear | Villager (Male) |
| 5:41 | Construir | House |
| 5:50 | Crear | Fishing Ship |
| 5:50 | Crear | Fishing Ship |
| 6:08 | Crear | Villager (Male) |
| 6:08 | Crear | Villager (Male) |
| 6:14 | Crear | Villager (Male) |
| 6:33 | Crear | Fishing Ship |
| 6:34 | Crear | Fishing Ship |
| 6:37 | Crear | Villager (Male) |
| 7:07 | Construir | House |
| 7:11 | Crear | Villager (Male) |
| 7:17 | Crear | Villager (Male) |
| 7:33 | Construir | Mining Camp |
| 7:45 | Crear | Villager (Male) |
| 8:05 | Crear | Fishing Ship |
| 8:06 | Crear | Fishing Ship |
| 8:31 | Crear | Villager (Male) |
| 8:35 | Construir | House |
| 9:10 | Construir | House |
| 9:10 | Crear | Fishing Ship |
| 9:10 | Crear | Fishing Ship |
| 9:16 | Crear | Villager (Male) |
| 9:18 | Crear | Villager (Male) |
| 9:42 | Crear | Fishing Ship |
| 9:47 | Construir | House |
| 9:52 | Crear | Villager (Male) |
| 10:04 | Construir | Mining Camp |
| 10:18 | Investigar | Feudal Age |
| 10:19 | Investigar | Feudal Age |
| 10:33 | Crear | Fishing Ship |
| 10:33 | Crear | Fishing Ship |
| 10:58 | Crear | Villager (Male) |
| 11:12 | Construir | Mill |
| 11:36 | Crear | Fishing Ship |
| 11:47 | Crear | Fishing Ship |
| 12:22 | Crear | Villager (Male) |
| 12:35 | Crear | Villager (Male) |
| 12:40 | Edad | Edad Feudal |
| 12:42 | Crear | Villager (Male) |
| 12:48 | Construir | Market |
| 12:54 | Construir | Blacksmith |
| 13:00 | Investigar | Double-Bit Axe |
| 13:00 | Investigar | Double-Bit Axe |
| 13:07 | Construir | Lumber Camp |
| 13:26 | Crear | Fishing Ship |
| 13:28 | Construir | House |
| 13:32 | Investigar | Tech 906 |
| 13:33 | Investigar | Tech 906 |
| 13:49 | Investigar | Castle Age |
| 13:52 | Crear | Fishing Ship |
| 13:56 | Construir | House |
| 14:23 | Construir | Dock |
| 14:31 | Crear | Fishing Ship |
| 14:35 | Construir | Fish Trap |
| 15:04 | Crear | Fishing Ship |
| 15:06 | Construir | Fish Trap |
| 15:27 | Construir | Fish Trap |
| 15:48 | Crear | Fishing Ship |
| 16:37 | Crear | Villager (Male) |
| 16:38 | Crear | Villager (Male) |
| 17:00 | Edad | Edad de los Castillos |
| 17:05 | Construir | Monastery |
| 17:08 | Construir | University |
| 17:12 | Crear | Villager (Male) |
| 17:28 | Construir | Fish Trap |
| 17:59 | Construir | Fish Trap |
| 18:22 | Investigar | Imperial Age |
| 18:22 | Investigar | Imperial Age |
| 18:56 | Construir | Town Center |
| 19:10 | Investigar | Fletching |
| 19:11 | Investigar | Fletching |
| 19:19 | Investigar | Bow Saw |
| 19:43 | Investigar | Gillnets |
| 19:43 | Investigar | Gillnets |
| 20:20 | Construir | Castle |
| 20:23 | Investigar | Fletching |
| 20:24 | Investigar | Fletching |
| 20:33 | Investigar | Wheelbarrow |
| 20:37 | Construir | Fish Trap |
| 20:38 | Crear | Fishing Ship |
| 20:38 | Crear | Fishing Ship |
| 20:44 | Crear | Villager (Male) |
| 20:47 | Crear | Villager (Male) |
| 20:51 | Construir | Lumber Camp |
| 21:02 | Investigar | Fletching |
| 21:02 | Investigar | Fletching |
| 21:12 | Construir | Fish Trap |
| 21:15 | Crear | Villager (Male) |
| 21:15 | Crear | Villager (Male) |
| 21:32 | Edad | Edad Imperial |
| 21:45 | Investigar | Bodkin Arrow |
| 21:53 | Crear | Villager (Male) ×2 |
| 22:01 | Crear | Monk |
| 22:27 | Crear | Trebuchet (Packed) |
| 22:27 | Crear | Trebuchet (Packed) |
| 22:31 | Construir | Castle |
| 22:42 | Crear | Villager (Male) |
| 22:49 | Construir | Dock |
| 22:51 | Crear | Fishing Ship |
| 22:55 | Construir | Fish Trap |
| 22:58 | Construir | Fish Trap |
| 23:03 | Crear | Villager (Male) |
| 23:10 | Investigar | Gold Mining |
| 23:10 | Investigar | Gold Mining |
| 23:12 | Crear | Villager (Male) |
| 23:27 | Crear | Plumed Archer |
| 23:28 | Crear | Plumed Archer |
| 23:28 | Crear | Plumed Archer |
| 23:28 | Crear | Plumed Archer |
| 23:30 | Crear | Villager (Male) |
| 23:39 | Crear | Fishing Ship |
| 23:41 | Construir | Fish Trap |
| 23:48 | Crear | Plumed Archer |
| 24:01 | Crear | Villager (Male) ×5 |
| 24:08 | Construir | Fish Trap |
| 24:16 | Crear | Plumed Archer |
| 24:19 | Crear | Plumed Archer ×2 |
| 24:19 | Crear | Plumed Archer ×2 |
| 24:26 | Construir | Lumber Camp |
| 24:40 | Crear | Plumed Archer ×2 |
| 24:40 | Crear | Plumed Archer ×2 |
| 24:44 | Crear | Villager (Male) ×2 |
| 24:47 | Construir | House |
| 24:47 | Construir | House |
| 24:56 | Crear | Plumed Archer |
Build order — Violet Ania
Primeras 150 de 675 acciones detectadas
| 0:02 | Crear | Villager (Male) |
| 0:03 | Crear | Villager (Male) |
| 0:04 | Construir | House |
| 0:06 | Construir | House |
| 0:06 | Crear | Villager (Male) |
| 0:08 | Crear | Villager (Male) |
| 0:08 | Crear | Villager (Male) |
| 0:09 | Crear | Villager (Male) |
| 0:09 | Crear | Villager (Male) |
| 1:46 | Construir | Lumber Camp |
| 1:56 | Crear | Villager (Male) |
| 1:56 | Crear | Villager (Male) |
| 1:56 | Crear | Villager (Male) |
| 2:03 | Crear | Villager (Male) |
| 2:03 | Crear | Villager (Male) |
| 2:12 | Construir | Palisade Wall |
| 2:21 | Crear | Villager (Male) |
| 2:21 | Crear | Villager (Male) |
| 3:02 | Crear | Villager (Male) |
| 3:03 | Crear | Villager (Male) |
| 3:03 | Crear | Villager (Male) |
| 3:22 | Crear | Villager (Male) |
| 3:22 | Crear | Villager (Male) |
| 3:27 | Construir | House |
| 3:57 | Crear | Villager (Male) |
| 3:57 | Crear | Villager (Male) |
| 4:30 | Construir | Dock |
| 4:59 | Construir | House |
| 5:00 | Construir | House |
| 5:14 | Crear | Villager (Male) |
| 5:14 | Crear | Villager (Male) |
| 5:20 | Crear | Fishing Ship |
| 5:20 | Crear | Fishing Ship |
| 5:23 | Construir | Palisade Wall |
| 5:28 | Construir | Palisade Wall |
| 5:31 | Construir | Palisade Wall |
| 5:37 | Construir | Palisade Wall |
| 5:41 | Construir | Palisade Wall |
| 5:45 | Construir | Palisade Wall |
| 5:50 | Crear | Villager (Male) |
| 5:53 | Crear | Villager (Male) |
| 5:53 | Investigar | Loom |
| 5:54 | Crear | Villager (Male) |
| 5:54 | Crear | Villager (Male) |
| 6:14 | Crear | Villager (Male) |
| 6:14 | Crear | Villager (Male) |
| 6:18 | Crear | Villager (Male) |
| 6:19 | Crear | Villager (Male) |
| 6:19 | Crear | Villager (Male) |
| 6:26 | Construir | Mill |
| 6:50 | Construir | House |
| 6:54 | Construir | House |
| 7:01 | Crear | Villager (Male) |
| 7:16 | Construir | House |
| 7:33 | Crear | Villager (Male) |
| 7:33 | Crear | Villager (Male) |
| 7:33 | Crear | Villager (Male) |
| 7:47 | Crear | Fishing Ship |
| 7:47 | Crear | Fishing Ship |
| 7:47 | Crear | Fishing Ship |
| 7:48 | Crear | Fishing Ship |
| 8:05 | Crear | Villager (Male) |
| 8:05 | Crear | Villager (Male) |
| 8:09 | Crear | Villager (Male) |
| 8:35 | Crear | Fishing Ship |
| 8:35 | Crear | Fishing Ship |
| 8:35 | Crear | Fishing Ship |
| 8:38 | Crear | Villager (Male) |
| 8:39 | Crear | Villager (Male) |
| 8:44 | Crear | Villager (Male) |
| 8:45 | Crear | Fishing Ship |
| 8:46 | Crear | Fishing Ship |
| 10:29 | Investigar | Feudal Age |
| 10:48 | Construir | Lumber Camp |
| 11:13 | Crear | Villager (Male) |
| 11:14 | Crear | Villager (Male) |
| 11:18 | Construir | Barracks |
| 11:19 | Crear | Fishing Ship |
| 11:19 | Crear | Fishing Ship |
| 11:30 | Crear | Villager (Male) |
| 11:30 | Crear | Villager (Male) |
| 11:53 | Construir | Mining Camp |
| 12:29 | Crear | Villager (Male) |
| 12:29 | Crear | Villager (Male) |
| 13:02 | Edad | Edad Feudal |
| 13:05 | Construir | Stable |
| 13:14 | Crear | Villager (Male) |
| 13:14 | Crear | Villager (Male) |
| 13:19 | Construir | Blacksmith |
| 13:32 | Crear | Fishing Ship |
| 13:32 | Crear | Fishing Ship |
| 13:38 | Construir | House |
| 14:23 | Crear | Villager (Male) |
| 14:26 | Investigar | Double-Bit Axe |
| 15:03 | Construir | House |
| 15:04 | Construir | House |
| 15:20 | Investigar | Castle Age |
| 15:20 | Investigar | Castle Age |
| 15:34 | Investigar | Tech 906 |
| 15:42 | Construir | Fish Trap |
| 15:52 | Construir | Fish Trap |
| 15:56 | Construir | Fish Trap |
| 15:59 | Construir | Fish Trap |
| 16:02 | Crear | Villager (Male) |
| 16:02 | Crear | Villager (Male) |
| 16:07 | Crear | Villager (Male) |
| 16:07 | Crear | Villager (Male) |
| 16:17 | Construir | House |
| 16:19 | Construir | House |
| 16:38 | Construir | Fish Trap |
| 16:43 | Construir | Fish Trap |
| 17:07 | Construir | Fish Trap |
| 17:10 | Crear | Fishing Ship |
| 17:10 | Crear | Fishing Ship |
| 17:12 | Crear | Villager (Male) |
| 17:13 | Crear | Villager (Male) |
| 17:48 | Crear | Scout Cavalry |
| 18:00 | Edad | Edad de los Castillos |
| 18:05 | Crear | Knight |
| 18:05 | Crear | Knight |
| 18:05 | Crear | Knight |
| 18:06 | Crear | Knight |
| 18:14 | Construir | Siege Workshop |
| 18:24 | Investigar | Bow Saw |
| 18:25 | Investigar | Bow Saw |
| 18:25 | Investigar | Bow Saw |
| 18:27 | Crear | Villager (Male) |
| 18:27 | Crear | Villager (Male) |
| 18:40 | Construir | Dock |
| 18:41 | Crear | Villager (Male) |
| 18:42 | Crear | Villager (Male) |
| 18:45 | Construir | Town Center |
| 18:50 | Construir | Town Center |
| 19:17 | Construir | House |
| 19:18 | Construir | House |
| 19:18 | Crear | Villager (Male) |
| 19:19 | Crear | Villager (Male) |
| 19:43 | Crear | Knight |
| 19:43 | Crear | Knight |
| 19:44 | Crear | Knight |
| 19:58 | Construir | Market |
| 20:23 | Crear | Mangonel |
| 20:23 | Crear | Mangonel |
| 20:23 | Crear | Mangonel |
| 20:26 | Crear | Villager (Male) |
| 20:26 | Crear | Villager (Male) |
| 20:30 | Crear | Villager (Male) |
| 20:30 | Crear | Villager (Male) |
| 20:31 | Crear | Villager (Male) |
| 20:31 | Crear | Villager (Male) |
Build order — Prince <3
Primeras 150 de 335 acciones detectadas
| 0:01 | Crear | Villager (Male) ×4 |
| 0:02 | Construir | House |
| 0:03 | Construir | House |
| 1:19 | Crear | Villager (Male) |
| 2:02 | Crear | Villager (Male) |
| 2:34 | Crear | Villager (Male) |
| 2:34 | Crear | Villager (Male) |
| 3:17 | Construir | Settlement |
| 3:33 | Crear | Villager (Male) |
| 3:34 | Crear | Villager (Male) |
| 3:56 | Crear | Villager (Male) |
| 4:47 | Crear | Villager (Male) |
| 4:56 | Construir | Palisade Wall |
| 4:59 | Construir | Palisade Wall |
| 5:02 | Construir | Palisade Wall |
| 5:06 | Construir | Palisade Wall |
| 5:12 | Construir | Palisade Wall |
| 5:18 | Construir | Palisade Wall |
| 5:23 | Construir | Palisade Wall |
| 5:33 | Crear | Villager (Male) |
| 5:52 | Crear | Villager (Male) |
| 6:06 | Construir | Barracks |
| 6:33 | Construir | House |
| 6:49 | Crear | Villager (Male) |
| 6:49 | Crear | Villager (Male) |
| 7:34 | Investigar | Feudal Age |
| 8:17 | Construir | House |
| 8:20 | Crear | Unit 2550 |
| 8:20 | Crear | Unit 2550 |
| 8:54 | Construir | Settlement |
| 9:07 | Crear | Villager (Male) |
| 9:08 | Crear | Unit 2550 |
| 9:49 | Edad | Edad Feudal |
| 9:50 | Construir | Watch Tower |
| 10:03 | Crear | Villager (Male) |
| 10:10 | Construir | Dock |
| 10:16 | Crear | Villager (Male) |
| 10:21 | Investigar | Arson |
| 11:00 | Construir | Settlement |
| 11:00 | Crear | Villager (Male) |
| 12:02 | Crear | Villager (Male) |
| 12:02 | Crear | Villager (Male) |
| 12:12 | Crear | Fishing Ship |
| 12:29 | Construir | Settlement |
| 12:43 | Crear | Villager (Male) |
| 12:50 | Crear | Fishing Ship |
| 13:28 | Crear | Fishing Ship |
| 13:29 | Crear | Fishing Ship |
| 14:06 | Crear | Villager (Male) |
| 14:07 | Crear | Villager (Male) |
| 14:09 | Crear | Fishing Ship |
| 14:50 | Crear | Villager (Male) |
| 14:54 | Crear | Fishing Ship |
| 15:30 | Construir | Stone Wall |
| 15:32 | Crear | Villager (Male) |
| 15:32 | Crear | Villager (Male) |
| 15:37 | Crear | Fishing Ship |
| 15:42 | Construir | Dock |
| 15:58 | Construir | Market |
| 16:01 | Construir | Blacksmith |
| 16:21 | Crear | Fishing Ship |
| 16:55 | Construir | House |
| 16:56 | Construir | Archery Range |
| 17:05 | Crear | Villager (Male) |
| 17:06 | Crear | Villager (Male) |
| 17:50 | Crear | Archer |
| 17:52 | Crear | Unit 2550 |
| 17:52 | Crear | Unit 2550 |
| 17:54 | Investigar | Tech 1402 |
| 17:54 | Crear | Unit 2550 |
| 18:04 | Crear | Villager (Male) |
| 18:05 | Crear | Villager (Male) |
| 18:07 | Crear | Fishing Ship |
| 18:07 | Crear | Fishing Ship |
| 19:11 | Investigar | Loom |
| 19:13 | Investigar | Castle Age |
| 19:52 | Construir | Settlement |
| 20:05 | Investigar | Double-Bit Axe |
| 20:14 | Crear | Unit 2550 ×2 |
| 20:21 | Construir | House |
| 20:22 | Construir | House |
| 20:22 | Construir | House |
| 20:23 | Construir | House |
| 21:21 | Construir | Fish Trap |
| 21:24 | Construir | Fish Trap |
| 21:27 | Construir | Fish Trap |
| 21:35 | Construir | Fish Trap |
| 21:39 | Construir | Fish Trap |
| 21:46 | Crear | Unit 2550 |
| 21:47 | Crear | Villager (Male) |
| 21:48 | Crear | Villager (Male) |
| 21:53 | Edad | Edad de los Castillos |
| 22:15 | Construir | Fish Trap |
| 22:23 | Construir | Fish Trap |
| 22:54 | Investigar | Loom |
| 22:57 | Crear | Villager (Male) |
| 23:02 | Construir | Fish Trap |
| 23:05 | Construir | Fish Trap |
| 23:10 | Investigar | Tech 1351 |
| 23:23 | Construir | Barracks |
| 23:36 | Construir | Fish Trap |
| 23:49 | Crear | Villager (Male) |
| 23:50 | Crear | Villager (Male) |
| 24:16 | Crear | Unit 2550 |
| 24:16 | Crear | Unit 2550 |
| 24:42 | Construir | Town Center |
| 24:55 | Crear | Villager (Male) |
| 24:56 | Investigar | Scale Mail Armor |
| 24:56 | Investigar | Forging |
| 24:59 | Crear | Unit 2550 |
| 24:59 | Crear | Unit 2550 |
| 25:53 | Crear | Villager (Male) |
| 25:53 | Crear | Villager (Male) |
| 25:58 | Crear | Fishing Ship |
| 25:58 | Crear | Fishing Ship |
| 26:22 | Construir | Siege Workshop |
| 26:31 | Crear | Villager (Male) |
| 26:31 | Crear | Villager (Male) |
| 26:52 | Crear | Villager (Male) |
| 26:52 | Crear | Villager (Male) |
| 27:02 | Construir | Town Center |
| 27:17 | Crear | Villager (Male) |
| 27:18 | Crear | Villager (Male) |
| 27:48 | Crear | Villager (Male) ×3 |
| 28:26 | Crear | Villager (Male) ×3 |
| 28:28 | Construir | House |
| 28:30 | Construir | House |
| 28:30 | Construir | House |
| 28:34 | Construir | Fish Trap |
| 28:36 | Construir | Fish Trap |
| 28:38 | Crear | Fishing Ship |
| 28:39 | Crear | Fishing Ship |
| 28:39 | Crear | Fishing Ship |
| 28:42 | Construir | House |
| 28:43 | Construir | House |
| 28:43 | Construir | House |
| 28:43 | Construir | House |
| 28:44 | Construir | House |
| 28:44 | Construir | House |
| 28:44 | Construir | House |
| 28:55 | Crear | Villager (Male) ×3 |
| 29:28 | Construir | Castle |
| 29:41 | Crear | Villager (Male) |
| 29:41 | Crear | Villager (Male) |
| 29:41 | Crear | Villager (Male) |
| 29:48 | Construir | Stone Wall |
| 30:06 | Crear | Villager (Male) ×3 |
| 30:25 | Construir | Stone Wall |
| 30:26 | Crear | Villager (Male) |
| 30:42 | Investigar | Horse Collar |
Build order — Matze
Primeras 150 de 421 acciones detectadas
| 0:01 | Crear | Villager (Male) |
| 0:01 | Crear | Villager (Male) |
| 0:02 | Construir | House |
| 0:03 | Construir | House |
| 0:14 | Crear | Villager (Male) |
| 0:15 | Crear | Villager (Male) |
| 0:25 | Investigar | Loom |
| 0:35 | Crear | Villager (Male) |
| 0:36 | Crear | Villager (Male) |
| 0:36 | Crear | Villager (Male) |
| 1:22 | Construir | Palisade Wall |
| 1:28 | Construir | Palisade Wall |
| 1:48 | Crear | Villager (Male) |
| 1:57 | Construir | Lumber Camp |
| 2:18 | Crear | Villager (Male) |
| 2:40 | Construir | Palisade Wall |
| 2:49 | Crear | Villager (Male) |
| 3:14 | Crear | Villager (Male) |
| 3:44 | Crear | Villager (Male) |
| 3:50 | Construir | Palisade Wall |
| 3:55 | Construir | House |
| 4:07 | Crear | Villager (Male) |
| 4:35 | Crear | Villager (Male) |
| 4:53 | Crear | Villager (Male) |
| 5:03 | Construir | Dock |
| 5:21 | Crear | Villager (Male) |
| 5:41 | Crear | Fishing Ship |
| 5:53 | Crear | Villager (Male) |
| 6:05 | Crear | Villager (Male) |
| 6:12 | Construir | House |
| 6:23 | Crear | Fishing Ship |
| 6:30 | Crear | Villager (Male) |
| 6:38 | Construir | House |
| 6:40 | Crear | Villager (Male) |
| 6:57 | Crear | Villager (Male) |
| 6:57 | Crear | Villager (Male) |
| 7:00 | Crear | Fishing Ship |
| 7:15 | Crear | Villager (Male) |
| 7:35 | Crear | Fishing Ship |
| 7:44 | Crear | Villager (Male) |
| 8:14 | Crear | Fishing Ship |
| 8:27 | Crear | Villager (Male) |
| 8:32 | Construir | House |
| 8:44 | Crear | Fishing Ship |
| 9:11 | Investigar | Feudal Age |
| 9:13 | Construir | House |
| 9:26 | Construir | Lumber Camp |
| 9:28 | Crear | Villager (Male) |
| 9:37 | Crear | Villager (Male) |
| 9:44 | Construir | House |
| 10:21 | Construir | House |
| 10:23 | Crear | Fishing Ship |
| 10:26 | Crear | Villager (Male) |
| 10:48 | Construir | House |
| 10:54 | Crear | Fishing Ship |
| 11:02 | Crear | Villager (Male) |
| 11:23 | Edad | Edad Feudal |
| 11:38 | Crear | Fishing Ship |
| 11:43 | Construir | Mill |
| 11:55 | Crear | Villager (Male) |
| 12:00 | Crear | Fishing Ship |
| 12:09 | Crear | Villager (Male) |
| 12:21 | Construir | Mining Camp |
| 12:44 | Crear | Fishing Ship |
| 13:21 | Construir | Stone Wall |
| 13:23 | Crear | Villager (Male) |
| 13:28 | Construir | Stone Wall |
| 13:34 | Crear | Fishing Ship |
| 13:41 | Construir | Market |
| 13:45 | Construir | Market |
| 13:46 | Crear | Villager (Male) |
| 13:50 | Construir | Blacksmith |
| 14:33 | Construir | Fish Trap |
| 14:40 | Construir | Fish Trap |
| 14:44 | Construir | Fish Trap |
| 14:45 | Crear | Villager (Male) |
| 14:49 | Construir | Fish Trap |
| 15:00 | Crear | Fishing Ship |
| 15:02 | Crear | Villager (Male) |
| 15:08 | Construir | Lumber Camp |
| 15:12 | Investigar | Castle Age |
| 15:33 | Investigar | Double-Bit Axe |
| 15:40 | Construir | Fish Trap |
| 15:43 | Construir | Fish Trap |
| 15:46 | Construir | Fish Trap |
| 15:56 | Construir | Fish Trap |
| 16:13 | Construir | Fish Trap |
| 16:16 | Construir | Fish Trap |
| 16:33 | Construir | Fish Trap |
| 16:35 | Crear | Fishing Ship |
| 16:38 | Construir | Fish Trap |
| 16:43 | Crear | Villager (Male) |
| 17:00 | Investigar | Tech 906 |
| 17:03 | Crear | Fishing Ship |
| 17:18 | Construir | Fish Trap |
| 17:21 | Construir | Fish Trap |
| 17:52 | Crear | Villager (Male) |
| 17:52 | Edad | Edad de los Castillos |
| 18:01 | Investigar | Bow Saw |
| 18:03 | Construir | Town Center |
| 18:15 | Crear | Villager (Male) |
| 18:18 | Construir | Town Center |
| 18:31 | Construir | Fish Trap |
| 18:33 | Crear | Villager (Male) |
| 18:43 | Crear | Fishing Ship |
| 19:02 | Crear | Villager (Male) |
| 19:02 | Crear | Villager (Male) |
| 19:04 | Crear | Villager (Male) |
| 19:12 | Crear | Villager (Male) |
| 19:12 | Crear | Villager (Male) |
| 19:23 | Crear | Villager (Male) |
| 19:24 | Crear | Villager (Male) |
| 19:24 | Construir | Fish Trap |
| 19:26 | Crear | Villager (Male) |
| 19:26 | Crear | Villager (Male) |
| 19:34 | Investigar | Gillnets |
| 19:42 | Crear | Villager (Male) |
| 19:44 | Crear | Villager (Male) |
| 19:49 | Crear | Villager (Male) |
| 19:53 | Investigar | Horse Collar |
| 20:06 | Crear | Villager (Male) |
| 20:06 | Crear | Villager (Male) |
| 20:08 | Crear | Villager (Male) |
| 20:08 | Crear | Villager (Male) |
| 20:09 | Crear | Villager (Male) |
| 20:10 | Crear | Villager (Male) |
| 20:12 | Construir | Farm |
| 20:13 | Construir | Farm |
| 20:13 | Construir | Farm |
| 20:14 | Construir | Farm |
| 20:15 | Construir | Farm |
| 20:16 | Construir | Farm |
| 20:17 | Construir | Farm |
| 20:28 | Investigar | Wheelbarrow |
| 20:28 | Investigar | Wheelbarrow |
| 20:29 | Crear | Villager (Male) |
| 20:45 | Crear | Villager (Male) |
| 20:47 | Construir | House |
| 20:48 | Construir | House |
| 20:49 | Construir | House |
| 20:50 | Construir | House |
| 20:50 | Construir | House |
| 20:51 | Construir | House |
| 20:52 | Construir | House |
| 20:52 | Construir | House |
| 20:59 | Crear | Villager (Male) |
| 21:01 | Crear | Villager (Male) |
| 21:09 | Construir | Town Center |
| 21:11 | Crear | Villager (Male) |
| 21:13 | Crear | Villager (Male) |
Build order — aoclearnarabia
Primeras 150 de 492 acciones detectadas
| 0:02 | Crear | Villager (Male) |
| 0:02 | Crear | Villager (Male) |
| 0:02 | Crear | Villager (Male) |
| 0:03 | Construir | House |
| 0:04 | Construir | House |
| 0:24 | Crear | Villager (Male) |
| 0:24 | Crear | Villager (Male) |
| 1:27 | Crear | Villager (Male) |
| 1:27 | Crear | Villager (Male) |
| 2:02 | Construir | Lumber Camp |
| 2:06 | Crear | Villager (Male) |
| 2:06 | Crear | Villager (Male) |
| 2:24 | Crear | Villager (Male) |
| 2:24 | Crear | Villager (Male) |
| 2:49 | Crear | Villager (Male) |
| 2:49 | Crear | Villager (Male) |
| 3:05 | Construir | House |
| 3:14 | Crear | Villager (Male) |
| 3:14 | Crear | Villager (Male) |
| 3:38 | Crear | Villager (Male) |
| 3:39 | Crear | Villager (Male) |
| 4:13 | Crear | Villager (Male) |
| 4:43 | Crear | Villager (Male) |
| 5:01 | Construir | Dock |
| 5:13 | Crear | Villager (Male) |
| 5:14 | Crear | Villager (Male) |
| 5:30 | Crear | Villager (Male) |
| 5:43 | Construir | House |
| 5:44 | Crear | Fishing Ship |
| 5:57 | Crear | Villager (Male) |
| 6:00 | Crear | Villager (Male) |
| 6:44 | Crear | Fishing Ship |
| 6:59 | Crear | Villager (Male) |
| 7:00 | Crear | Villager (Male) |
| 7:04 | Construir | House |
| 7:26 | Crear | Fishing Ship |
| 7:37 | Crear | Villager (Male) |
| 7:41 | Construir | Lumber Camp |
| 8:01 | Crear | Villager (Male) |
| 8:16 | Construir | House |
| 8:19 | Crear | Fishing Ship |
| 8:28 | Crear | Villager (Male) |
| 8:40 | Construir | Mill |
| 9:01 | Crear | Villager (Male) |
| 9:11 | Construir | Mining Camp |
| 9:27 | Investigar | Feudal Age |
| 9:36 | Crear | Fishing Ship |
| 10:30 | Construir | House |
| 11:02 | Crear | Fishing Ship |
| 11:21 | Construir | House |
| 11:23 | Crear | Fishing Ship |
| 11:39 | Edad | Edad Feudal |
| 11:41 | Crear | Villager (Male) |
| 11:43 | Construir | Market |
| 11:46 | Construir | Blacksmith |
| 11:51 | Crear | Villager (Male) |
| 12:40 | Investigar | Castle Age |
| 12:40 | Investigar | Castle Age |
| 12:45 | Investigar | Double-Bit Axe |
| 12:45 | Investigar | Double-Bit Axe |
| 12:54 | Construir | Dock |
| 13:08 | Investigar | Tech 906 |
| 13:43 | Crear | Fishing Ship |
| 13:48 | Construir | House |
| 13:50 | Crear | Fishing Ship |
| 14:37 | Crear | Fishing Ship |
| 14:37 | Crear | Fishing Ship |
| 14:41 | Construir | House |
| 14:45 | Construir | Fish Trap |
| 14:54 | Construir | Fish Trap |
| 15:07 | Crear | Villager (Male) |
| 15:20 | Edad | Edad de los Castillos |
| 15:22 | Construir | Siege Workshop |
| 15:24 | Crear | Villager (Male) |
| 15:29 | Investigar | Bow Saw |
| 15:53 | Investigar | Gillnets |
| 15:58 | Crear | Villager (Male) |
| 16:07 | Crear | Mangonel |
| 16:15 | Crear | Villager (Male) |
| 16:18 | Construir | House |
| 16:35 | Investigar | Loom |
| 16:45 | Crear | Fishing Ship |
| 16:48 | Construir | Fish Trap |
| 17:01 | Crear | Mangonel |
| 17:44 | Crear | Villager (Male) |
| 18:04 | Crear | Villager (Male) |
| 18:06 | Construir | Town Center |
| 18:09 | Construir | Fish Trap |
| 18:14 | Crear | Villager (Male) |
| 18:26 | Crear | Villager (Male) |
| 18:36 | Construir | Barracks |
| 18:53 | Construir | Monastery |
| 19:01 | Crear | Villager (Male) |
| 19:12 | Crear | Fishing Ship |
| 19:15 | Construir | Fish Trap |
| 19:15 | Crear | Villager (Male) |
| 19:17 | Crear | Villager (Male) |
| 19:18 | Crear | Villager (Male) |
| 19:23 | Construir | Fish Trap |
| 19:31 | Crear | Villager (Male) |
| 19:46 | Construir | Fish Trap |
| 19:47 | Crear | Villager (Male) |
| 19:47 | Crear | Villager (Male) |
| 19:56 | Construir | Town Center |
| 19:57 | Crear | Monk |
| 19:57 | Crear | Monk |
| 20:04 | Construir | House |
| 20:25 | Crear | Battering Ram |
| 20:32 | Crear | Villager (Male) |
| 20:33 | Crear | Villager (Male) |
| 21:16 | Crear | Villager (Male) |
| 21:18 | Crear | Villager (Male) |
| 21:36 | Crear | Scorpion |
| 21:36 | Crear | Scorpion |
| 21:41 | Construir | Fish Trap |
| 21:42 | Crear | Villager (Male) |
| 21:44 | Construir | Fish Trap |
| 21:45 | Construir | House |
| 21:49 | Construir | House |
| 21:50 | Crear | Villager (Male) |
| 22:08 | Construir | Fish Trap |
| 22:08 | Crear | Villager (Male) |
| 22:12 | Construir | Fish Trap |
| 22:16 | Crear | Villager (Male) |
| 22:17 | Crear | Villager (Male) |
| 22:24 | Crear | Villager (Male) |
| 22:29 | Construir | Outpost |
| 22:51 | Crear | Villager (Male) |
| 22:51 | Crear | Villager (Male) |
| 22:57 | Crear | Monk |
| 23:08 | Crear | Villager (Male) |
| 23:10 | Crear | Monk |
| 23:13 | Crear | Villager (Male) |
| 23:13 | Crear | Villager (Male) |
| 23:15 | Crear | Villager (Male) |
| 23:16 | Crear | Villager (Male) |
| 23:52 | Crear | Battering Ram |
| 23:53 | Crear | Fishing Ship |
| 23:55 | Construir | Dock |
| 23:56 | Construir | Dock |
| 23:57 | Crear | Villager (Male) |
| 24:01 | Construir | Fish Trap |
| 24:02 | Crear | Villager (Male) |
| 24:03 | Construir | Fish Trap |
| 24:04 | Crear | Villager (Male) |
| 24:09 | Crear | Villager (Male) |
| 24:11 | Construir | House |
| 24:11 | Construir | House |
| 24:18 | Crear | Villager (Male) |
| 24:23 | Construir | Outpost |
Build order — 木を切ります
Primeras 150 de 212 acciones detectadas
| 0:01 | Investigar | Loom |
| 0:02 | Crear | Villager (Male) ×4 |
| 0:02 | Crear | Villager (Male) ×4 |
| 0:03 | Construir | House |
| 0:05 | Construir | House |
| 0:48 | Construir | Palisade Wall |
| 0:57 | Construir | Palisade Wall |
| 1:42 | Construir | Palisade Wall |
| 2:53 | Construir | Palisade Wall |
| 2:59 | Crear | Villager (Male) |
| 2:59 | Crear | Villager (Male) |
| 3:42 | Crear | Villager (Male) |
| 4:03 | Crear | Villager (Male) |
| 4:03 | Crear | Villager (Male) |
| 4:29 | Crear | Villager (Male) |
| 4:38 | Construir | House |
| 4:54 | Construir | Palisade Wall |
| 5:03 | Crear | Villager (Male) |
| 5:03 | Crear | Villager (Male) |
| 5:04 | Crear | Villager (Male) |
| 5:46 | Construir | House |
| 5:58 | Crear | Villager (Male) |
| 5:58 | Crear | Villager (Male) |
| 6:29 | Crear | Villager (Male) |
| 6:31 | Crear | Villager (Male) |
| 6:31 | Crear | Villager (Male) |
| 7:02 | Construir | Mining Camp |
| 7:10 | Construir | Lumber Camp |
| 7:18 | Crear | Villager (Male) |
| 7:18 | Crear | Villager (Male) |
| 7:18 | Crear | Villager (Male) |
| 7:19 | Crear | Villager (Male) |
| 7:19 | Crear | Villager (Male) |
| 8:53 | Crear | Villager (Male) |
| 8:53 | Crear | Villager (Male) |
| 9:27 | Construir | Mining Camp |
| 9:33 | Construir | House |
| 10:22 | Investigar | Feudal Age |
| 10:26 | Construir | Mining Camp |
| 10:47 | Crear | Villager (Male) |
| 10:48 | Crear | Villager (Male) |
| 10:55 | Construir | Mill |
| 11:31 | Crear | Villager (Male) |
| 12:14 | Construir | House |
| 12:16 | Crear | Villager (Male) |
| 12:32 | Edad | Edad Feudal |
| 12:35 | Construir | Stone Wall |
| 12:42 | Construir | Stone Wall |
| 12:44 | Construir | Stone Wall |
| 12:49 | Crear | Villager (Male) |
| 13:15 | Construir | Market |
| 13:20 | Construir | Blacksmith |
| 13:56 | Construir | Outpost |
| 14:07 | Construir | Outpost |
| 14:09 | Crear | Villager (Male) |
| 14:28 | Construir | Stone Wall |
| 14:31 | Construir | Stone Wall |
| 14:39 | Construir | Stone Wall |
| 14:46 | Crear | Villager (Male) |
| 15:25 | Crear | Villager (Male) |
| 15:31 | Construir | House |
| 15:54 | Crear | Villager (Male) |
| 16:54 | Investigar | Castle Age |
| 17:43 | Crear | Villager (Male) |
| 17:44 | Crear | Villager (Male) |
| 17:49 | Investigar | Double-Bit Axe |
| 17:51 | Construir | Pasture |
| 17:56 | Construir | Pasture |
| 18:10 | Construir | Pasture |
| 18:36 | Investigar | Tech 1014 |
| 18:37 | Crear | Villager (Male) |
| 18:37 | Crear | Villager (Male) |
| 18:38 | Crear | Villager (Male) |
| 18:49 | Crear | Villager (Male) |
| 18:52 | Construir | House |
| 18:54 | Construir | House |
| 19:34 | Edad | Edad de los Castillos |
| 20:09 | Construir | Castle |
| 20:14 | Crear | Villager (Male) |
| 20:19 | Crear | Villager (Male) |
| 20:42 | Construir | Pasture |
| 20:44 | Crear | Villager (Male) |
| 20:59 | Crear | Villager (Male) |
| 21:12 | Construir | Town Center |
| 21:25 | Crear | Villager (Male) |
| 21:35 | Crear | Petard |
| 21:36 | Crear | Petard |
| 21:36 | Crear | Petard |
| 21:51 | Crear | Villager (Male) |
| 21:59 | Crear | Petard |
| 22:35 | Crear | Villager (Male) ×5 |
| 22:35 | Crear | Villager (Male) |
| 22:41 | Construir | Blacksmith |
| 22:49 | Construir | Pasture |
| 22:51 | Construir | Pasture |
| 22:53 | Construir | Pasture |
| 22:56 | Construir | Pasture |
| 23:03 | Construir | Pasture |
| 23:06 | Crear | Unit 1920 ×2 |
| 23:06 | Crear | Unit 1920 ×2 |
| 23:06 | Crear | Unit 1920 ×2 |
| 23:11 | Crear | Unit 1920 |
| 23:12 | Crear | Unit 1920 |
| 23:32 | Crear | Unit 1920 ×2 |
| 23:32 | Crear | Unit 1920 ×2 |
| 23:53 | Crear | Unit 1920 |
| 23:53 | Crear | Unit 1920 |
| 23:53 | Crear | Unit 1920 |
| 23:55 | Crear | Villager (Male) ×2 |
| 23:56 | Crear | Villager (Male) ×2 |
| 24:00 | Construir | Pasture |
| 24:46 | Crear | Villager (Male) |
| 24:48 | Crear | Villager (Male) ×5 |
| 24:49 | Crear | Villager (Male) ×5 |
| 24:49 | Crear | Villager (Male) |
| 24:55 | Construir | Pasture |
| 24:56 | Construir | Pasture |
| 24:57 | Construir | Pasture |
| 24:58 | Construir | Pasture |
| 25:05 | Crear | Unit 1920 |
| 25:05 | Crear | Unit 1920 |
| 25:33 | Crear | Villager (Male) |
| 25:35 | Crear | Villager (Male) |
| 25:39 | Construir | Blacksmith |
| 25:42 | Construir | Pasture |
| 25:46 | Construir | Pasture |
| 25:47 | Construir | Pasture |
| 25:48 | Construir | Pasture |
| 26:06 | Crear | Unit 1920 |
| 26:06 | Crear | Unit 1920 |
| 26:43 | Investigar | Tech 1013 |
| 26:46 | Investigar | Bow Saw |
| 26:50 | Construir | Lumber Camp |
| 27:00 | Construir | Town Center |
| 27:12 | Crear | Villager (Male) ×5 |
| 27:13 | Crear | Villager (Male) |
| 27:31 | Crear | Unit 1920 ×2 |
| 27:31 | Crear | Unit 1920 ×2 |
| 27:59 | Construir | Town Center |
| 28:06 | Crear | Villager (Male) ×5 |
| 28:06 | Crear | Villager (Male) ×5 |
| 28:19 | Construir | Pasture |
| 28:24 | Construir | Pasture |
| 29:07 | Construir | Town Center |
| 29:21 | Construir | House |
| 29:22 | Construir | House |
| 29:23 | Construir | House |
| 29:28 | Crear | Unit 1920 ×2 |
| 29:28 | Crear | Unit 1920 ×2 |
| 29:47 | Crear | Villager (Male) ×5 |
Cronología de la partida
| 0:48 | 木を切ります · wall_segment Palisade Wall x9 |
| 0:57 | 木を切ります · wall_segment Palisade Wall x11 |
| 1:17 | Bonkershealer · wall_segment Palisade Wall x8 |
| 1:22 | Matze · wall_segment Palisade Wall x8 |
| 1:28 | Matze · wall_segment Palisade Wall x3 |
| 1:42 | 木を切ります · wall_segment Palisade Wall x9 |
| 1:47 | Bonkershealer · wall_segment Palisade Wall x8 |
| 2:12 | Violet Ania · wall_segment Palisade Wall x12 |
| 2:40 | Matze · wall_segment Palisade Wall x9 |
| 2:44 | Bonkershealer · wall_segment Palisade Wall x7 |
| 2:53 | 木を切ります · wall_segment Palisade Wall x12 |
| 2:59 | Bonkershealer · wall_segment Palisade Wall x4 |
| 3:02 | Bonkershealer · wall_segment Palisade Wall x4 |
| 3:50 | Matze · wall_segment Palisade Wall x2 |
| 4:24 | Denosumab · first_building Dock |
| 4:30 | Violet Ania · first_building Dock |
| 4:48 | Bonkershealer · wall_segment Palisade Wall x1 |
| 4:49 | Bonkershealer · wall_segment Palisade Wall x1 |
| 4:54 | 木を切ります · wall_segment Palisade Wall x1 |
| 4:56 | Prince <3 · wall_segment Palisade Wall x1 |
| 4:59 | Prince <3 · wall_segment Palisade Wall x1 |
| 5:00 | Baby · first_building Dock |
| 5:01 | aoclearnarabia · first_building Dock |
| 5:02 | Prince <3 · wall_segment Palisade Wall x1 |
| 5:03 | Matze · first_building Dock |
| 5:06 | Prince <3 · wall_segment Palisade Wall x1 |
| 5:12 | Prince <3 · wall_segment Palisade Wall x1 |
| 5:18 | Prince <3 · wall_segment Palisade Wall x1 |
| 5:23 | Violet Ania · wall_segment Palisade Wall x1 |
| 5:23 | Prince <3 · wall_segment Palisade Wall x1 |
| 5:28 | Violet Ania · wall_segment Palisade Wall x1 |
| 5:31 | Violet Ania · wall_segment Palisade Wall x2 |
| 5:37 | Violet Ania · wall_segment Palisade Wall x1 |
| 5:41 | Violet Ania · wall_segment Palisade Wall x1 |
| 5:45 | Violet Ania · wall_segment Palisade Wall x1 |
| 6:06 | Prince <3 · first_building Barracks |
| 7:30 | Denosumab · wall_segment Palisade Wall x1 |
| 7:32 | Denosumab · wall_segment Palisade Wall x1 |
| 7:35 | Denosumab · wall_segment Palisade Wall x1 |
| 7:37 | Denosumab · wall_segment Palisade Wall x1 |
| 7:39 | Denosumab · wall_segment Palisade Wall x1 |
| 7:43 | Denosumab · wall_segment Palisade Wall x1 |
| 7:45 | Denosumab · wall_segment Palisade Wall x1 |
| 7:48 | Denosumab · wall_segment Palisade Wall x1 |
| 7:50 | Denosumab · wall_segment Palisade Wall x1 |
| 9:49 | Prince <3 · age_up feudal |
| 9:58 | Bonkershealer · wall_segment Palisade Wall x10 |
| 10:10 | Prince <3 · first_building Dock |
| 11:18 | Bonkershealer · age_up feudal |
| 11:18 | Violet Ania · first_building Barracks |
| 11:20 | Bonkershealer · wall_segment Stone Wall x1 |
| 11:22 | Bonkershealer · wall_segment Stone Wall x11 |
| 11:23 | Matze · age_up feudal |
| 11:31 | Bonkershealer · wall_segment Stone Wall x1 |
| 11:33 | Bonkershealer · wall_segment Stone Wall x1 |
| 11:37 | Bonkershealer · wall_segment Stone Wall x2 |
| 11:39 | aoclearnarabia · age_up feudal |
| 11:55 | Bonkershealer · wall_segment Stone Wall x2 |
| 11:56 | Denosumab · age_up feudal |
| 12:32 | 木を切ります · age_up feudal |
| 12:35 | 木を切ります · wall_segment Stone Wall x13 |
| 12:40 | Baby · age_up feudal |
| 12:42 | 木を切ります · wall_segment Stone Wall x2 |
| 12:44 | 木を切ります · wall_segment Stone Wall x10 |
| 13:02 | Violet Ania · age_up feudal |
| 13:05 | Violet Ania · first_building Stable |
| 13:21 | Matze · wall_segment Stone Wall x9 |
| 13:28 | Matze · wall_segment Stone Wall x14 |
| 14:28 | 木を切ります · wall_segment Stone Wall x3 |
| 14:31 | 木を切ります · wall_segment Stone Wall x11 |
| 14:39 | 木を切ります · wall_segment Stone Wall x11 |
| 15:20 | aoclearnarabia · age_up castle |
| 15:22 | aoclearnarabia · first_building Siege Workshop |
| 15:30 | Prince <3 · wall_segment Stone Wall x16 |
| 15:32 | Denosumab · age_up castle |
| 15:35 | Bonkershealer · first_market_sell 100 food |
| 16:56 | Prince <3 · first_building Archery Range |
| 17:00 | Baby · age_up castle |
| 17:05 | Baby · first_building Monastery |
| 17:52 | Matze · age_up castle |
| 18:00 | Violet Ania · age_up castle |
| 18:12 | Matze · first_market_sell 100 food |
| 18:13 | Matze · first_market_buy 100 stone |
| 18:14 | Violet Ania · first_building Siege Workshop |
| 18:31 | Denosumab · first_market_sell 100 wood |
| 18:32 | Denosumab · first_market_buy 100 food |
| 18:34 | Bonkershealer · age_up castle |
| 18:36 | aoclearnarabia · first_building Barracks |
| 18:39 | Prince <3 · first_market_sell 100 wood |
| 18:53 | aoclearnarabia · first_building Monastery |
| 18:56 | Prince <3 · first_market_buy 100 food |
| 19:34 | 木を切ります · age_up castle |
| 19:39 | Bonkershealer · wall_segment Stone Wall x1 |
| 19:49 | 木を切ります · first_market_sell 100 wood |
| 19:50 | 木を切ります · first_market_buy 100 stone |
| 19:50 | aoclearnarabia · first_market_buy 100 wood |
| 19:56 | Bonkershealer · wall_segment Stone Wall x1 |
| 20:01 | Bonkershealer · wall_segment Stone Wall x1 |
| 20:03 | Bonkershealer · wall_segment Stone Wall x7 |
| 20:09 | 木を切ります · first_building Castle |
| 20:20 | Baby · first_building Castle |
| 21:32 | Baby · age_up imperial |
| 21:50 | Bonkershealer · wall_segment Stone Wall x1 |
| 21:53 | Prince <3 · age_up castle |
| 22:13 | Bonkershealer · first_market_buy 100 stone |
| 22:45 | Violet Ania · wall_segment Stone Wall x11 |
| 24:29 | Matze · wall_segment Stone Wall x13 |
| 24:39 | Denosumab · first_building Monastery |
| 25:51 | Matze · wall_segment Stone Wall x10 |
| 25:56 | aoclearnarabia · wall_segment Palisade Wall x1 |
| 25:57 | aoclearnarabia · wall_segment Palisade Wall x1 |
| 25:58 | aoclearnarabia · wall_segment Palisade Wall x1 |
| 25:59 | Denosumab · first_building Siege Workshop |
| 26:22 | Prince <3 · first_building Siege Workshop |
| 26:33 | Denosumab · first_building Castle |
| 27:03 | Matze · first_building Castle |
| 27:06 | Matze · first_building Monastery |
| 27:22 | Denosumab · first_building Barracks |
| 28:29 | Denosumab · age_up imperial |
| 28:58 | Matze · first_building Siege Workshop |
| 29:00 | Baby · first_market_sell 100 food |
| 29:28 | Prince <3 · first_building Castle |
| 29:32 | Bonkershealer · first_building Monastery |
| 29:46 | Baby · first_market_buy 100 wood |
| 29:48 | Prince <3 · wall_segment Stone Wall x15 |
| 30:17 | aoclearnarabia · first_building Castle |
| 30:20 | aoclearnarabia · first_building Archery Range |
| 30:25 | Prince <3 · wall_segment Stone Wall x17 |
| 30:26 | aoclearnarabia · first_building Stable |
| 31:08 | Baby · wall_segment Stone Wall x1 |
| 31:10 | Baby · wall_segment Stone Wall x1 |
| 31:11 | Baby · wall_segment Stone Wall x1 |
| 31:12 | Baby · wall_segment Stone Wall x1 |
| 31:18 | 木を切ります · wall_segment Stone Wall x1 |
| 31:20 | 木を切ります · wall_segment Stone Wall x4 |
| 31:31 | aoclearnarabia · wall_segment Stone Wall x3 |
| 31:37 | Matze · age_up imperial |
| 31:44 | Bonkershealer · first_building Siege Workshop |
| 31:49 | Violet Ania · first_building Monastery |
| 32:10 | aoclearnarabia · age_up imperial |
| 32:24 | Bonkershealer · first_building Barracks |
| 32:29 | 木を切ります · first_building Monastery |
| 32:47 | 木を切ります · wall_segment Stone Wall x10 |
| 33:04 | Bonkershealer · first_building Castle |
| 33:07 | Baby · wall_segment Stone Wall x9 |
| 33:16 | Bonkershealer · first_building Stable |
| 33:43 | Violet Ania · wall_segment Stone Wall x12 |
| 33:47 | 木を切ります · first_building Barracks |
| 33:50 | Violet Ania · wall_segment Stone Wall x12 |
| 34:30 | aoclearnarabia · first_market_sell 100 wood |
| 34:32 | 木を切ります · wall_segment Stone Wall x14 |
| 34:52 | Violet Ania · wall_segment Stone Wall x4 |
| 34:56 | 木を切ります · wall_segment Stone Wall x19 |
| 35:00 | Violet Ania · wall_segment Stone Wall x10 |
| 35:03 | Baby · wall_segment Stone Wall x13 |
| 35:11 | Violet Ania · wall_segment Stone Wall x4 |
| 35:15 | Violet Ania · wall_segment Stone Wall x14 |
| 35:18 | Violet Ania · wall_segment Stone Wall x1 |
| 35:25 | Baby · first_building Barracks |
| 35:29 | Violet Ania · age_up imperial |
| 35:47 | Bonkershealer · age_up imperial |
| 35:51 | Baby · wall_segment Stone Wall x12 |
| 37:05 | Baby · first_building Siege Workshop |
| 37:18 | Violet Ania · first_market_sell 100 food |
| 37:25 | Baby · wall_segment Stone Wall x12 |
| 37:59 | 木を切ります · wall_segment Stone Wall x11 |
| 38:01 | 木を切ります · wall_segment Stone Wall x9 |
| 38:03 | Violet Ania · first_building Castle |
| 38:03 | 木を切ります · wall_segment Stone Wall x10 |
| 38:10 | Baby · wall_segment Stone Wall x1 |
| 38:12 | Baby · wall_segment Stone Wall x1 |
| 38:14 | Baby · wall_segment Stone Wall x1 |
| 38:15 | Baby · wall_segment Stone Wall x1 |
| 39:44 | Violet Ania · wall_segment Stone Wall x12 |
| 39:50 | Violet Ania · wall_segment Stone Wall x12 |
| 40:23 | Violet Ania · wall_segment Stone Wall x2 |
| 40:26 | Violet Ania · wall_segment Stone Wall x6 |
| 40:29 | Violet Ania · wall_segment Stone Wall x5 |
| 40:33 | Violet Ania · wall_segment Stone Wall x7 |
| 40:39 | Violet Ania · wall_segment Stone Wall x5 |
| 40:41 | Violet Ania · wall_segment Stone Wall x4 |
| 40:49 | Violet Ania · wall_segment Stone Wall x8 |
| 40:56 | Denosumab · tribute_sent a jugador 1 |
| 40:56 | Denosumab · tribute_sent a jugador 2 |
| 40:56 | Denosumab · tribute_sent a jugador 3 |
| 40:56 | Denosumab · tribute_sent a jugador 4 |
| 40:56 | Denosumab · tribute_sent a jugador 5 |
| 40:56 | Denosumab · tribute_sent a jugador 6 |
| 40:56 | Denosumab · tribute_sent a jugador 7 |
| 40:57 | Violet Ania · wall_segment Stone Wall x9 |
| 41:16 | Prince <3 · age_up imperial |
| 41:26 | Violet Ania · wall_segment Stone Wall x1 |
| 41:55 | Violet Ania · wall_segment Stone Wall x1 |
| 42:05 | Violet Ania · wall_segment Stone Wall x3 |
| 42:24 | Violet Ania · wall_segment Stone Wall x1 |
| 42:53 | aoclearnarabia · tribute_sent a jugador 1 |
| 42:53 | aoclearnarabia · tribute_sent a jugador 2 |
| 42:53 | aoclearnarabia · tribute_sent a jugador 3 |
| 42:53 | aoclearnarabia · tribute_sent a jugador 4 |
| 42:53 | aoclearnarabia · tribute_sent a jugador 5 |
| 42:53 | aoclearnarabia · tribute_sent a jugador 7 |
| 42:53 | aoclearnarabia · tribute_sent a jugador 8 |
| 43:20 | Denosumab · tribute_sent a jugador 1 |
| 43:20 | Denosumab · tribute_sent a jugador 2 |
| 43:20 | Denosumab · tribute_sent a jugador 3 |
| 43:20 | Denosumab · tribute_sent a jugador 4 |
| 43:21 | Denosumab · tribute_sent a jugador 5 |
| 43:21 | Denosumab · tribute_sent a jugador 6 |
| 43:21 | Denosumab · tribute_sent a jugador 7 |
| 46:11 | Bonkershealer · resign |
[ ANÁLISIS IA · 1 CRÉDITO ]
¿Qué pasó realmente en esta partida?
Wolo.gg analiza cada decisión: build order, eco, micro, errores típicos por bracket. Análisis personalizado por WhatsApp o Discord en 30 segundos.
Guía civ
Aztecas
Perfil
Jugador #5642124